 Dungeon Crawl Stone Soup version 0.17.1-1-g73c8601 (webtiles) character file.

3826 shmeve the Fighter (level 10, -3/111 HPs)
             Began as an Ogre Berserker on Apr 19, 2016.
             Was an Elder of Trog.
             Slain by a killer bee (10 damage)
             ... on level 8 of the Dungeon.
             The game lasted 00:18:47 (10689 turns).

shmeve the Fighter (Ogre Berserker)                Turns: 10689, Time: 00:18:47

Health: -3/111     AC:  7    Str: 26    XL:     10   Next: 17%
Magic:  10/10      EV: 12    Int:  6    God:    Trog [****..]
Gold:   440        SH:  0    Dex: 10    Spells: 0 memorised, 9 levels left

rFire  + . .     SeeInvis .     f - +0 giant spiked club
rCold  . . .     Clarity  .     q - +2 robe {rF+}
rNeg   . . .     SustAt   .     (shield currently unavailable)
rPois  .         Gourm    .     D - +1 hat
rElec  .         Spirit   .     t - +0 cloak
rCorr  .         Warding  .     (gloves unavailable)
rMut   .         Stasis   .     (boots unavailable)
MR     +....                    (no amulet)
Stlth  ++........               (no ring)
                                (no ring)

@: lethally poisoned (-3 -> -32), exhausted, slowed, very slow, somewhat
resistant to hostile enchantments, unstealthy
A: unfitting armour, tough skin 1
a: Berserk, Trog's Hand, Brothers in Arms, Burn Spellbooks, Renounce Religion


You were on level 8 of the Dungeon.
You worshipped Trog.
Trog was greatly pleased with you.
You were near starving.

You visited 1 branch of the dungeon, and saw 8 of its levels.

You collected 572 gold pieces.
You spent 132 gold pieces at shops.

Inventory:

Hand Weapons
 f - a +0 giant spiked club (weapon)
Missiles
 b - 5 throwing nets
 A - 3 large rocks (quivered)
Armour
 q - a +2 robe of fire resistance (worn)
 t - a +0 cloak (worn)
 D - a +1 hat (worn)
Wands
 z - a wand of fire (9)
 E - a wand of frost (26)
Scrolls
 g - a scroll of recharging
 k - 6 scrolls of identify
 n - 2 scrolls of teleportation
 v - a scroll of enchant armour {unknown}
 w - a scroll of fog {unknown}
 y - 5 scrolls of remove curse
 F - a scroll of magic mapping
 H - a scroll of enchant weapon
Potions
 a - 2 potions of cure mutation {unknown}
 d - 2 potions of ambrosia {unknown}
 e - 2 potions of curing
 h - a potion of beneficial mutation {unknown}
 i - a potion of flight {unknown}
 j - 2 potions of invisibility {unknown}
 l - a potion of lignification {unknown}
 m - a potion of haste {unknown}
 o - 4 potions of degeneration {unknown}
 s - 3 potions of poison {unknown}
 x - 3 potions of berserk rage {unknown}
 B - a potion of cancellation {unknown}
 C - a potion of heal wounds {unknown}
Comestibles
 c - 7 bread rations
 p - 3 meat rations
 r - 8 beef jerkies
 u - 5 fruits
 G - a slice of pizza


   Skills:
 * Level 10.4 Fighting
 * Level 10.3 Maces & Flails
 + Level 5.1 Throwing
 * Level 7.4 Dodging
 * Level 2.9 Stealth


You had 9 spell levels left.
You didn't know any spells.

Dungeon Overview and Level Annotations

Branches:
Dungeon (8/15)             Temple (0/1) D:7
   Lair: D:8-11

Altars:
Dithmenos

Shops:
D:7 [

Annotations:
D:2 Natasha


Innate Abilities, Weirdness & Mutations

You are too large for most types of armour.
You have tough skin (AC +1).


Message History

* * * LOW HITPOINT WARNING * * *
You are lethally poisoned!
The killer bee poisons you!
You closely miss the killer bee.
* * * LOW HITPOINT WARNING * * *
You feel very sick.
The killer bee stings you but does no damage. x2
The killer bee stings you.
* * * LOW HITPOINT WARNING * * *
The killer bee completely misses you.
You closely miss the killer bee.
* * * LOW HITPOINT WARNING * * *
You feel very sick. The killer bee misses you. The killer bee stings you.
* * * LOW HITPOINT WARNING * * *
You are more poisoned.
The killer bee poisons you! The killer bee stings you.
* * * LOW HITPOINT WARNING * * *
The killer bee stings you!
You die...

.......##.## #.#
#########.# #.# ###
#.# ####.##### ..#
#+# #........# #.#
... #.##.###.# # #
.... #)##.# #.# #
..... ##.##.# #.#
..# ......####...#[#
#.# ...
......'y@......###.#
..#
......####....#.<[.#
..# .....
#....###.### ###
.... #.###.#.## ...
#.# ##.## #+ #.# ###
#.# #.# #.#


You could see a killer bee.

Vanquished Creatures
  Grinder (D:3)
  Menkaure (D:5)
  A sky beast (D:6)
  Duvessa (D:5)
  A necrophage (D:6)
  A black bear (D:8)
  An eye of draining (D:7)
  An ice beast (D:6)
  4 ogres
  An orc warrior (D:6)
  A phantom (D:7)
  The ghost of kitkat the Magician, an amateur DrFE (D:4)
  2 centaurs
  4 giant frogs
  Dowan (D:5)
  2 scorpions
  A water moccasin skeleton (D:8)
  3 killer bees (D:8)
  4 crimson imps
  4 jellies
  4 orc priests
  A giant frog skeleton (D:7)
  3 hounds
  12 orc wizards
  10 worker ants
  Jessica (D:3)
  A centaur skeleton (D:6)
  Natasha (twice) (D:2)
  2 iguanas
  2 hound zombies
  A hound skeleton (D:6)
  7 adders
  6 gnolls
  3 shadow imps
  An ooze (D:2)
  2 adder zombies (D:7)
  An adder skeleton (D:4)
  3 worms
  4 giant geckos
  32 orcs
  5 ball pythons
  12 bats
  2 bat zombies (D:1)
  5 giant cockroaches
  11 goblins
  11 hobgoblins
  11 kobolds
  4 quokkas
  A giant gecko skeleton (D:4)
  3 giant newts
  3 jackals (D:3)
  A quokka skeleton (D:4)
  8 rats
211 creatures vanquished.

Notes
Turn   | Place    | Note
--------------------------------------------------------------
     0 | D:1      | shmeve the Ogre Berserker began the quest for the Orb.
     0 | D:1      | Reached XP level 1. HP: 24/24 MP: 1/1
    95 | D:1      | Reached XP level 2. HP: 27/33 MP: 2/2
   677 | D:1      | Reached XP level 3. HP: 36/40 MP: 3/3
   929 | D:2      | Reached ** piety under Trog
   981 | D:2      | Noticed Natasha
   994 | D:2      | Killed Natasha
  1035 | D:2      | Reached XP level 4. HP: 17/49 MP: 4/4
  1167 | D:2      | Noticed Natasha
  1174 | D:2      | Killed Natasha
  1174 | D:2      | Reached skill level 5 in Fighting
  1318 | D:2      | Reached skill level 1 in Throwing
  1411 | D:2      | Noticed Natasha
  2141 | D:2      | Reached skill level 5 in Maces & Flails
  2334 | D:3      | Found a shadowy altar of Dithmenos.
  2442 | D:3      | Reached XP level 5. HP: 31/57 MP: 5/5
  2672 | D:3      | Noticed Grinder
  2688 | D:3      | Killed Grinder
  2688 | D:3      | Reached skill level 6 in Fighting
  2688 | D:3      | Reached XP level 6. HP: 60/67 MP: 6/6
  3033 | D:3      | Noticed Jessica
  3048 | D:3      | Reached *** piety under Trog
  3066 | D:3      | Killed Jessica
  3594 | D:4      | Reached XP level 7. HP: 67/76 MP: 7/7
  4392 | D:4      | Reached **** piety under Trog
  4392 | D:4      | Reached skill level 7 in Fighting
  4662 | D:4      | Reached XP level 8. HP: 24/87 MP: 8/8
  5055 | D:4      | Noticed kitkat's ghost (amateur DrFE)
  5066 | D:4      | Killed kitkat's ghost
  5066 | D:4      | Reached skill level 5 in Dodging
  5908 | D:5      | Entered Level 5 of the Dungeon
  5963 | D:5      | Reached skill level 8 in Fighting
  6008 | D:5      | Noticed Menkaure
  6015 | D:5      | Killed Menkaure
  6519 | D:5      | Noticed Dowan
  6520 | D:5      | Noticed Duvessa
  6524 | D:5      | Killed Duvessa
  6530 | D:5      | Killed Dowan
  7110 | D:6      | Reached skill level 9 in Fighting
  7140 | D:6      | Reached XP level 9. HP: 57/98 MP: 9/9
  7159 | D:6      | Received a gift from Trog
  7462 | D:6      | HP: 5/100 [poisoned by a worker ant]
  7470 | D:6      | HP: 5/100 [poisoned by a worker ant]
  8391 | D:6      | Reached skill level 1 in Stealth
  8877 | D:6      | Reached skill level 10 in Fighting
  9538 | D:7      | Found Poajamolaf's Armour Boutique.
  9544 | D:7      | Bought a +1 hat for 132 gold pieces
  9562 | D:7      | Reached skill level 10 in Maces & Flails
  9653 | D:7      | Found a staircase to the Ecumenical Temple.
  9702 | D:7      | Reached XP level 10. HP: 107/111 MP: 10/10
 10259 | D:8      | Reached skill level 5 in Throwing
 10677 | D:8      | Received a gift from Trog
 10689 | D:8      | Slain by a killer bee

Action                   |  1- 3 |  4- 6 |  7- 9 | 10-12 || total
-------------------------+-------+-------+-------+-------++-------
Melee: Mace              |    91 |   162 |       |       ||   253
       Flail             |       |    41 |    81 |       ||   122
       Giant spiked club |       |       |   279 |    50 ||   329
Throw: Throwing net      |       |       |     3 |     1 ||     4
       Large rock        |       |       |     4 |     5 ||     9
Invok: Berserk           |     2 |     3 |     3 |     1 ||     9
       Trog's Hand       |       |     4 |     6 |     1 ||    11
       Burn Spellbooks   |       |     1 |     2 |     1 ||     4
  Use: Scroll            |       |       |     7 |       ||     7
 Stab: Sleeping          |       |     3 |       |       ||     3
       Held in net/web   |       |       |     1 |       ||     1
  Eat: Chunk             |     2 |    11 |    22 |     2 ||    37
       Beef jerky        |       |     1 |       |       ||     1
       Fruit             |       |       |     1 |     2 ||     3
